 Dungeon Crawl Stone Soup version 0.25.1-1-g288607f (webtiles) character file.

Game seed: 3046609209716290736

333 RonnieColeman the Conjurer (level 6, -2/41 HPs)
             Began as an Octopode Conjurer on Sept 13, 2020.
             Was an Initiate of Vehumet.
             Slain by Pikel
             ... wielding a +2 whip of electrocution
              (10 damage)
             ... on level 4 of the Dungeon.
             The game lasted 00:11:07 (5057 turns).

RonnieColeman the Conjurer (Octopode Conjurer)      Turns: 5057, Time: 00:11:08

Health: -2/41      AC:  1    Str: 17    XL:     6   Next: 52%
Magic:  1/12       EV: 13    Int: 19    God:    Vehumet [......]
Gold:   85         SH:  0    Dex: 14    Spells: 11/14 levels left

rFire    . . .     SeeInvis .   v - +10 whip of the Horn {vorpal, *Slow Str+3 Dex+2}
rCold    . . .     Gourm    .   (no shield)
rNeg     . . .     Faith    +   (helmet restricted)
rPois    .         Spirit   .   f - amulet of faith
rElec    .         Reflect  .   p - +6 ring of strength
rCorr    .         Harm     .   t - ring of wizardry
MR       .....                  (no ring)
Stlth    +++.......             (no ring)
HPRegen  0.13/turn              (no ring)
MPRegen  0.13/turn              (no ring)
                                (no ring)
                                (no ring)

@: no status effects
A: almost no armour, stealthy swim, amphibious, 8 rings, constrict 8, camouflage
1, gelatinous body 1
a: Renounce Religion


You were on level 4 of the Dungeon.
You worshipped Vehumet.
Vehumet was noncommittal.
You were hungry.

You visited 1 branch of the dungeon, and saw 5 of its levels.

You collected 210 gold pieces.
You spent 125 gold pieces at shops.

Inventory:

Hand Weapons
 a - a +0 club
 c - a +0 dagger
 j - a +0 short sword
 v - the +10 whip of the Horn (weapon) {vorpal, *Slow Str+3 Dex+2}
   (You found it on level 4 of the Dungeon)

   It inflicts extra damage upon your enemies.
   It affects your strength (+3).
   It affects your dexterity (+2).
   It may slow you when you take damage.
Jewellery
 f - an amulet of faith (around mantle)
 p - a +6 ring of strength (left tentacle)
 t - a ring of wizardry (right tentacle)
 w - the amulet of Brilliance {Inacc rPois MR+ Str+2}
   (You bought it in a shop on level 5 of the Dungeon)

   [amulet of inaccuracy]

   It reduces the accuracy of all your attacks.
   It affects your strength (+2).
   It protects you from poison.
   It affects your resistance to hostile enchantments.
Scrolls
 g - 4 scrolls of teleportation {unknown}
 h - a scroll of magic mapping {unknown}
 i - 2 scrolls of enchant weapon {unknown}
 k - a scroll of noise {unknown}
 l - 4 scrolls of identify {unknown}
 m - 4 scrolls of amnesia {unknown}
Potions
 d - a potion of stabbing {unknown}
 e - a potion of lignification {unknown}
 n - a potion of might {unknown}
 o - a potion of magic {unknown}
 q - a potion of curing {unknown}
 r - a potion of brilliance {unknown}
 u - 2 potions of heal wounds {unknown}
 x - a potion of flight {unknown}
Comestibles
 b - 9 rations


   Skills:
 + Level 2.9 Fighting
 - Level 2.0 Dodging
 - Level 2.6 Stealth
 * Level 4.5 Spellcasting
 + Level 5.1 Conjurations


You had 11 spell levels left.
You knew the following spells:

 Your Spells              Type           Power        Failure   Level  Hunger
a - Magic Dart            Conj           ###.         1%          1    None
b - Searing Ray           Conj           ###...       1%          2    #......

Your spell library contained the following spells:

 Spells                   Type           Power        Failure   Level  Hunger
 Dazzling Flash           Conj/Hex       ##....       6%          3    ###....
 Fulminant Prism          Conj/Hex       ##........   17%         4    ####...
 Iskenderun's Mystic Bla  Conj/Tloc      ##......     17%         4    ####...


Dungeon Overview and Level Annotations

Branches:
Dungeon (5/15)
 Temple: D:4-7

Altars:
Dithmenos
Elyvilon
Vehumet

Shops:
D:4 }   D:5 *

Annotations:
D:4 Pikel


Innate Abilities, Weirdness & Mutations

You cannot wear most types of armour.
You are very stealthy in the water. (Stealth+)
You are amphibious.
You can wear up to eight rings at the same time.
You can use your tentacles to constrict eight enemies at once.
Your skin changes colour to match your surroundings (Stealth+).
Your rubbery body absorbs attacks. (AC +1, EV +1)


Message History

The searing ray misses Pikel.
Pikel hits you with a +2 whip of electrocution!
You are electrocuted!
* * * LOW HITPOINT WARNING * * *
The searing ray misses Pikel.
Pikel closely misses you.
Casting: Searing Ray (safe; 1% risk of failure)
Confirm with . or Enter, or press ? or * to list all spells.
Aiming: Searing Ray (safe; 1% risk of failure)
Press: ? - help, Shift-Dir - straight line, f/p - Pikel
Aim: Pikel, wielding a +2 whip of electrocution and wearing a +1 robe of magic resistance (heavily wounded)
The searing ray hits Pikel.
Pikel is heavily wounded. (Press . to maintain the ray.) Pikel says, "You'll fetch a fair price!"
Pikel hits you with a +2 whip of electrocution.
* * * LOW HITPOINT WARNING * * *
The searing ray hits Pikel.
Pikel is severely wounded.
Pikel hits you with a +2 whip of electrocution!
You die...

.........###.#### #.# #..###.###
.##.............# #.# #..# #....
###...##.###.##.# #.# ##.###.###
#..###.# #.##.# #.####.....###
#..###.###.##.# #....(#####..#
#......(...##.## ######.###..#.
#.....>......#.# #.......#..#(.
#..###.######.####.######.##...
#..# #........@.##.## #......
#..# #..#######K#...### ####...
#..###..# #p......# ##..
#..##...# #.#...#.#######..
###..##.#.# #.....#.##.......
.....##...# #.###.#.##.####..
.##..###..# #[.##.#.##.# #..
.##..# #..#######.....#.##.####..
.##..###..[........#.............


You could see Pikel and a slave.

Vanquished Creatures
  A slave (D:3)
  A scorpion (D:4)
  3 worker ants
  A hound zombie (D:5)
  A worker ant zombie (D:5)
  3 adders
  3 gnolls (D:3)
  An ooze (D:2)
  8 worms
  3 dart slugs
  3 leopard geckos
  8 orcs
  2 ball pythons
  6 bats
  6 giant cockroaches
  3 goblins
  7 hobgoblins
  6 jackals
  10 kobolds
  5 quokkas
  7 frilled lizards
  7 rats
95 creatures vanquished.

Notes
Turn   | Place    | Note
-------+----------+-------------------------------------------
     0 | D:1      | RonnieColeman the Octopode Conjurer began the quest for the
                  | Orb.
     0 | D:1      | Reached XP level 1. HP: 11/11 MP: 3/3
   361 | D:1      | Reached XP level 2. HP: 18/18 MP: 1/5
   982 | D:1      | Reached skill level 1 in Fighting
  1068 | D:1      | Reached XP level 3. HP: 23/23 MP: 7/7
  1073 | D:1      | Learned a level 2 spell: Searing Ray
  1655 | D:2      | Reached XP level 4. HP: 28/28 MP: 8/8
  2706 | D:3      | Found a white marble altar of Elyvilon.
  2772 | D:3      | Reached XP level 5. HP: 34/34 MP: 1/10
  3463 | D:4      | Noticed a slave
  3463 | D:4      | Noticed a slave
  3464 | D:4      | Found a radiant altar of Vehumet.
  3464 | D:4      | Noticed Pikel
  3464 | D:4      | Noticed a slave
  3466 | D:4      | Noticed a slave
  3475 | D:3      | Killed a slave
  3668 | D:4      | Found Lutidghan's Gadget Shop.
  3714 | D:4      | Reached XP level 6. HP: 41/41 MP: 9/12
  3987 | D:4      | Became a worshipper of Vehumet
  4085 | D:4      | Reached skill level 5 in Conjurations
  4258 | D:4      | Got a fine whip
  4259 | D:4      | Identified the +10 whip of the Horn {vorpal, *Slow Str+3
                  | Dex+2} (You found it on level 4 of the Dungeon)
  4564 | D:5      | Entered Level 5 of the Dungeon
  4564 | D:5      | Found Wailaosm's Assorted Antiques.
  4610 | D:5      | Bought a faintly glowing golden amulet for 125 gold pieces
  4611 | D:5      | Identified the amulet of Brilliance {Inacc rPois MR+ Str+2}
                  | (You bought it in a shop on level 5 of the Dungeon)
  4726 | D:5      | Found a shadowy altar of Dithmenos.
  5057 | D:4      | Slain by Pikel

Illustrated notes

Levels and vault maps discovered:
D:1:      psy_arrival_radial02, layout_basic, minmay_misc_feat_iff
D:2:      layout_loops_ring, first_ration
D:3:      layout_rooms, nicolae_overflow_crystal_walls, minmay_misc_feat_cross
D:4:      layout_loops_ring, old_standard_altar, serial_shops, shop,
          minmay_vboxes, uniq_pikel
D:5:      layout_basic, nicolae_dithmenos_shadow_blocks, serial_shops,
          nicolae_shop_overgrown_old_shop, basic_altar

Skill      XL: |  1  2  3  4  5  6 |
---------------+-------------------+-----
Fighting       | 1 2 |  2.9
Spellcasting   | 3 4 |  4.5
Conjurations   | 5 |  5.1
Dodging        | |  2.0
Stealth        | |  2.6

Action                   |  1- 3 |  4- 6 || total
-------------------------+-------+-------++-------
Melee: Club              |     8 |       ||     8
       Constrict         |    15 |    19 ||    34
       Unarmed           |     2 |       ||     2
       Tentacles         |     8 |    12 ||    20
       Dagger            |    27 |       ||    27
       Short sword       |    19 |    54 ||    73
       Whip              |       |    14 ||    14
 Cast: Magic Dart        |     8 |    28 ||    36
       Searing Ray       |     6 |    23 ||    29
  Use: Scroll            |       |     1 ||     1
 Stab: Sleeping          |     5 |    13 ||    18
  Eat: Chunk             |     3 |    10 ||    13
Armor: Skin              |     6 |     2 ||     8
Dodge: Dodged            |    41 |    49 ||    90
